 Dungeon Crawl Stone Soup version 0.18.1-50-g88ac8fd (webtiles) character file.

108 GammafunkIsABaby the Magician (level 4, 1/27 HPs)
             Began as a High Elf Ice Elementalist on June 9, 2018.
             Was an Initiate of Cheibriados.
             Quit the game on level 9 of the Dungeon.
             The game lasted 00:06:51 (419 turns).

GammafunkIsABaby the Magician (HEIE)                 Turns: 419, Time: 00:06:52

Health: 1/27       AC:  4    Str:  9    XL:     4   Next: 58%
Magic:  6/11       EV: 13    Int: 19    God:    Cheibriados [......]
Gold:   120        SH:  0    Dex: 17    Spells: 3 memorised, 3 levels left

rFire  . . .     SeeInvis .     i - +0 quarterstaff
rCold  . . .     Gourm    .     a - +0 robe
rNeg   . . .     Faith    .     (shield currently unavailable)
rPois  .         Spirit   .     (no helmet)
rElec  .         Dismiss  .     k - +0 cloak
rCorr  .         Reflect  .     (no gloves)
SustAt .         Harm     .     j - +0 pair of boots
MR     .....                    g - amulet of rage
Stlth  ++........               (no ring)
                                (no ring)

@: lethally poisoned (1 -> -1), about to teleport, very slow, not resistant to
hostile enchantments, unstealthy
A: no striking features
a: Bend Time, Renounce Religion, Evoke Berserk Rage


You were on level 9 of the Dungeon.
You worshipped Cheibriados.
Cheibriados was noncommittal.
You were not hungry.

You visited 1 branch of the dungeon, and saw 9 of its levels.

You collected 120 gold pieces.

Inventory:

Hand Weapons
 i - a +0 quarterstaff (weapon)
Armour
 a - a +0 robe (worn)
 j - a +0 pair of boots (worn)
 k - a +0 cloak (worn)
Jewellery
 d - a +2 amulet of reflection
 g - an amulet of rage (around neck)
Wands
 h - a wand of random effects (20/48)
Scrolls
 e - a scroll of teleportation
 f - 2 scrolls of amnesia {unknown}
 l - a scroll of fear {unknown}
 o - a scroll of random uselessness {unknown}
Books
 b - a book of Frost

   Spells                             Type                      Level
   a - Freeze                         Ice                          1
   b - Throw Frost                    Conjuration/Ice              2
   c - Ozocubu's Armour               Charms/Ice                   3
   d - Throw Icicle                   Conjuration/Ice              4
   e - Summon Ice Beast               Ice/Summoning                4
Comestibles
 c - a bread ration
 m - 2 meat rations


   Skills:
 - Level 2.1 Dodging
 - Level 2.1 Stealth
 - Level 4.2 Spellcasting
   Level 1.1 Conjurations
 + Level 0.6 Summonings
 - Level 4.2 Ice Magic


You had 3 spell levels left.
You knew the following spells:

 Your Spells              Type           Power        Failure   Level  Hunger
a - Freeze                Ice            ###.         2%          1    None
B - Summon Ice Beast      Ice/Summ       ##......     63%         4    ####...
C - Ozocubu's Armour      Chrm/Ice       ##......     17%         3    ###....


Dungeon Overview and Level Annotations

Branches:
Dungeon (9/15)
 Temple: D:4-7         Lair: D:8-11         Orc: D:9-12

Altars:
Cheibriados
Xom


Message History

Cheibriados appreciates the change of pace.
You feel sick.
The quasit gives a chilling moan.
Drink which item? (? for menu, Esc to quit)
It was a potion of cure mutation.
It has a very clean taste.
The centaur zombie hits you.
* * * LOW HITPOINT WARNING * * *
The quasit bites you but does no damage.
The quasit barely misses you. The quasit claws you.
* * * LOW HITPOINT WARNING * * *
Unknown command.
Read which item? (? for menu, Esc to quit)
As you read the scroll labeled QOAWURO SOAMN, it crumbles to dust.
You feel strangely unstable.
It was a scroll of teleportation.
The centaur zombie barely misses you. The quasit bites you.
* * * LOW HITPOINT WARNING * * *
The quasit barely misses you. x2
Unknown command.
Unknown command.
Are you sure you want to abandon this character and quit the game? (Confirm with "yes".)

.# .# .# ## .#
##.. .## .....
..#
#.....##Z.###..
......5@....?..
..#....a>......
#>[............
...............
####.........##
#.........#
#.........#
.......##.#


You could see a worker ant, a quasit and a centaur zombie.

Vanquished Creatures
  A giant frog (D:7)
  3 gnolls (D:2)
  An adder (D:9)
  A hobgoblin (D:2)
  A kobold (D:2)
7 creatures vanquished.

Notes
Turn   | Place    | Note
--------------------------------------------------------------
     0 | D:1      | GammafunkIsABaby the High Elf Ice Elementalist began the quest for the Orb.
     0 | D:1      | Reached XP level 1. HP: 11/11 MP: 4/4
    54 | D:2      | Reached XP level 2. HP: 17/17 MP: 4/6
    60 | D:2      | Reached XP level 3. HP: 5/21 MP: 4/8
    97 | D:3      | Found a shimmering altar of Xom.
   199 | D:5      | Entered Level 5 of the Dungeon
   289 | D:6      | Found a snail-covered altar of Cheibriados.
   296 | D:6      | Became a worshipper of Cheibriados the Contemplative
   355 | D:7      | Noticed a giant frog
   363 | D:7      | Killed a giant frog
   363 | D:7      | Reached XP level 4. HP: 7/27 MP: 2/11
   369 | D:7      | Learned a level 4 spell: Summon Ice Beast
   373 | D:7      | Learned a level 3 spell: Ozocubu's Armour
   418 | D:9      | HP: 1/27 [quasit (2)]
   419 | D:9      | Quit the game

Skill      XL: |  1  2  3 |
---------------+----------+-----
Spellcasting   | 3 4 |  4.2
Ice Magic      | 4 |  4.2
Dodging        | |  2.1
Stealth        | |  2.1
Conjurations   | |  1.1
Summonings     | |  0.6

Action                   |  1- 3 |  4- 6 || total
-------------------------+-------+-------++-------
Melee: Quarterstaff      |    10 |       ||    10
 Cast: Freeze            |     4 |     5 ||     9
 Abil: Evoke Berserk Rag |     1 |       ||     1
Evoke: Wand              |     1 |       ||     1
  Use: Scroll            |       |     1 ||     1
       Potion            |       |     1 ||     1
Armor: Robe              |       |     3 ||     3
Dodge: Dodged            |    11 |    11 ||    22
